 Dungeon Crawl Stone Soup version 0.31-a0-180-g519b7de00c (webtiles) character file.

Game seed: 11771885946868262112

29656 qw the Cleaver (level 13, -19/82 HPs)
             Began as a Gargoyle Fighter on June 19, 2023.
             Was an Elder of Okawaru.
             Demolished by a hellephant (25 damage)
             ... on level 1 of the Abyss.
             The game lasted 00:07:45 (14774 turns).

qw the Cleaver (Gargoyle Fighter)                  Turns: 14774, Time: 00:07:46

Health: -19/82     AC: 30    Str: 25    XL:     13   Next: 46%
Magic:  20/20      EV: 12    Int:  9    God:    Okawaru [****..]
Gold:   858        SH: 16    Dex:  9    Spells: 12/12 levels left

rFire   . . .        Y - +2 broad axe
rCold   . . .        t - +0 kite shield
rNeg    + . .        v - +0 plate armour
rPois   inf          a - +0 helmet
rElec   +            (no cloak)
rCorr   .            n - +0 pair of gloves
SInv    .            c - -1 pair of boots "Saqaor" {Will+ Regen+}
Will    +....        f - amulet of reflection Stlth
                     j - +5 ring of evasion
HPRegen 1.13/turn    g - +4 ring of protection
MPRegen 0.17/turn

%: reflection
@: about to teleport
A: sickness immunity, AC +9, negative energy resistance 1, electricity
resistance, torment resistance 1, petrification resistance
a: Renounce Religion, Heroism, Finesse


You were on level 1 of the Abyss.
You worshipped Okawaru.
Okawaru was greatly pleased with you.
You visited 3 branches of the dungeon, and saw 15 of its levels.
You visited the Abyss 1 time.
You also visited: Gauntlet.

You collected 1046 gold pieces.
You spent 188 gold pieces at shops.


Innate Abilities, Weirdness & Mutations

You are immune to sickness and miasma.
Your stone body is resilient. (AC +9)
You are immune to poison.
You resist negative energy. (rN+)
You are resistant to electric shocks. (rElec)
You are resistant to unholy torment.
You are immune to petrification.


   Skills:
 - Level 10.0 Fighting
 - Level 12.4 Axes
 + Level 4.6 Throwing
 - Level 9.0 Armour
 - Level 2.0 Dodging
 - Level 11.1 Shields
 - Level 10.0 Invocations


You had 12 spell levels left.
You didn't know any spells.
Your spell library was empty.

Inventory:

Hand Weapons
 e - a +5 flail
 x - a +1 demon whip of venom
 Y - a +2 broad axe (weapon)
Missiles
 w - 4 javelins (quivered)
 B - a silver javelin
Armour
 a - a +0 helmet (worn)
 c - the -1 pair of boots "Saqaor" (worn) {Will+ Regen+}
   (You found it on level 11 of the Dungeon)

   Regen:     It increases your rate of health regeneration.
   Will:      It increases your willpower.
 n - a +0 pair of gloves (worn)
 t - a +0 kite shield (worn)
 v - a +0 plate armour (worn)
Jewellery
 f - an amulet of reflection (around neck)
 g - a +4 ring of protection (right hand)
 j - a +5 ring of evasion (left hand)
 z - the ring of Qaek {Ice rPois Str+4}
   (You found it in a Gauntlet)

   [ring of ice]

   It enhances your ice magic.
   Str:       It affects your strength (+4).
   rF:        It makes you vulnerable to fire.
   rC:        It protects you from cold.
   rPois:     It protects you from poison.
Wands
 y - a wand of digging (9)
Scrolls
 h - 2 scrolls of teleportation
 o - 2 scrolls of identify
 A - a scroll of torment {unknown}
Potions
 b - 3 potions of magic
 d - a potion of might
 i - 3 potions of mutation
 k - a potion of attraction {unknown}
 l - a potion of lignification
 m - a potion of heal wounds
 p - 3 potions of curing
 q - 4 potions of haste
 r - a potion of enlightenment
 s - a potion of cancellation
 u - a potion of degeneration {unknown}
 C - a potion of ambrosia {unknown}

Dungeon Overview and Level Annotations

Branches:
Dungeon (11/15)            Temple (1/1) D:4            Lair (3/5) D:11
 Spider (0/4) Lair:3      Gauntlet (visited)
  Swamp: Lair:2-3    Shoals: Lair:2-3       Orc: D:9-12

Altars:
Ashenzari
Cheibriados
Dithmenos
Elyvilon
Fedhas
Gozag
Hepliaklqana
Kikubaaqudgha
Makhleb
Nemelex Xobeh
Okawaru
Qazlal
Ru
Sif Muna
Trog
Uskayaw
Vehumet
Wu Jian
Xom
Yredelemnul
Zin
The Shining One

Shops:
D:1 (   D:2 :*((*

Annotations:
D:4 2 transporters, qw's ghost, amateur NaHu
D:5 3 runed translucent doors, qw's ghost, novice GrHu; qw's ghost, novice NaHu
D:9 1 runed translucent door, exclusion: 3 goblins, qw's ghost, novice NaHu
Lair:2 1 runed translucent door, qw's ghost, journeyman GrHu
Lair:3 Sonja


Message History

The starcursed mass is heavily damaged.
You barely miss the hellephant.
The hellephant tramples you but does no damage.
The hellephant bites you but does no damage.
You block the hellephant's attack.
A starcursed mass splits.
You barely miss the hellephant.
The hellephant is moderately wounded.
You hit the starcursed mass.
The starcursed mass shudders and is absorbed by its neighbour.
The hellephant tramples you but does no damage.
You block the hellephant's attack. x2; A starcursed mass splits.
You barely miss the hellephant.
The hellephant is moderately wounded.
The hellephant tramples you but does no damage.
The hellephant bites you but does no damage.
The hellephant barely misses you.
A starcursed mass splits.
You slice the starcursed mass!!
The starcursed mass is severely damaged.
You hit the hellephant but do no damage.
The starcursed mass shudders and is absorbed by its neighbour.
The hellephant blinks!
A starcursed mass splits.
You block the hellephant's attack. The hellephant closely misses you.
The hellephant gores you but does no damage.
A starcursed mass splits.
The starcursed mass touches you but does no damage.
You hit the starcursed mass but do no damage.
The starcursed mass is severely damaged.
You hit the starcursed mass. x2; You hit the hellephant.
The starcursed mass shudders and is absorbed by its neighbour.
The starcursed mass shudders and withdraws towards its neighbour. x2
The hellephant breathes flames at you. The blast of flame hits you!!!
Ouch! That really hurt!
A starcursed mass splits. x2
14774 ||| READING 3 scrolls of teleportation.
As you read the scroll of teleportation, it crumbles to dust.
You feel strangely unstable.
You feel the power of the Abyss delaying your translocation!
The hellephant tramples you!!
You die...

.# # #.## #
. # # .####
## .# ..#
####...##
#X# # . ..#.
#X# .
.##.#.##X###
# #
#.###.@.X.#
# # #.
##..Y###
#......
##### .###
.#. ##.
.###. . ..
.. ##. #..#
#.# # #....#
. . # .. ...


You could see a hellephant (catching breath) and 4 starcursed masses.

Vanquished Creatures
  Gastronok (Lair:2)
  A minotaur (Gauntlet)
  4 hydras
  3 two-headed ogres
  A hell hog (Gauntlet)
  A skyshark (Lair:2)
  Amaemon (Lair:1)
  2 cyclopes
  2 manticores (D:11)
  An orange demon (Lair:1)
  2 black mambas
  8 cane toads
  Maggie (D:6)
  A torpor snail (Gauntlet)
  2 kobold demonologists (D:11)
  A rime drake (Lair:1)
  4 komodo dragons
  An ancient zyme (Abyss:1)
  8 trolls
  A polar bear (Lair:1)
  Prince Ribbit (D:5)
  7 blink frogs
  2 hornets
  3 culicivoras (Lair:3)
  A wraith (D:11)
  A basilisk (Lair:1)
  Sigmund (D:5)
  9 yaks
  2 shadows (Gauntlet)
  4 wyverns
  A vampire (D:10)
  3 fire bats (Gauntlet)
  Menkaure (D:7)
  3 hell hounds (Gauntlet)
  8 water moccasins
  2 sky beasts
  A black bear (Lair:1)
  8 orc warriors
  3 ice beasts
  2 ogres (D:6)
  6 centaurs
  4 wolves (Lair:2)
  4 phantoms
  10 kobold brigands
  Blork the orc (D:5)
  2 gnoll sergeants
  2 scorpions (D:11)
  9 bullfrogs
  14 wights
  2 killer bees
  2 howler monkeys (D:8)
  3 hounds
  A lava snake (D:9)
  10 orc priests
  A gnoll bouda (D:8)
  2 jellies
  2 sleepcaps
  3 iguanas
  9 orc wizards
  7 hell rats (Lair:1)
  6 gnolls
  5 adders
  A shadow imp (D:7)
  A white imp (D:8)
  An ufetubus (D:5)
  3 dart slugs
  39 orcs
  5 ball pythons
  2 bats
  4 giant cockroaches
  9 goblins
  6 hobgoblins
  4 jackals (D:1)
  32 kobolds
  6 quokkas
  2 frilled lizards
  2 rats
331 creatures vanquished.

Vanquished Creatures (others)
  A goblin (D:9)
1 creature vanquished.

Grand Total: 332 creatures vanquished

Notes
Turn   | Place    | Note
-------+----------+-------------------------------------------
     0 | D:1      | qw the Gargoyle Fighter began the quest for the Orb.
     0 | D:1      | Reached XP level 1. HP: 14/14 MP: 1/1
     0 | D:1      | 0 ||| qw: Version: 0.3-a-7-ge0c9b40
     0 | D:1      | 0 ||| qw: Game counter: 939
     0 | D:1      | 0 ||| qw: Always use a shield: true
     0 | D:1      | 0 ||| qw: God list: Okawaru
     0 | D:1      | 0 ||| qw: Allow faded altars: false
     0 | D:1      | 0 ||| qw: Do Orc after D:15 true
     0 | D:1      | 0 ||| qw: Do second Lair branch before Depths: true
     0 | D:1      | 0 ||| qw: Lair rune preference: random
     0 | D:1      | 0 ||| qw: Plans: Normal, Zot:1-4, Slime:5, God:TSO, Crypt,
                  | Tomb, Abyss, Pan, Hells, Win
     0 | D:1      | 0 ||| PLANNING D:1-11
    68 | D:1      | Reached skill level 2 in Axes
   214 | D:1      | Reached XP level 2. HP: 19/19 MP: 2/2
   238 | D:1      | Found Owaud's Antique Weapon Boutique.
   243 | D:1      | 243 ||| SHOPLISTING mace (51 gold, have 39).
   243 | D:1      | 243 ||| SHOPLISTING runed whip (93 gold, have 39).
   340 | D:1      | Found a faded altar of an unknown god.
   409 | D:1      | Reached skill level 3 in Axes
   458 | D:1      | 458 ||| DROPPING +0 club.
   637 | D:1      | Reached XP level 3. HP: 23/23 MP: 3/3
   696 | D:1      | 696 ||| UPGRADING to ring of positive energy.
   697 | D:1      | 697 ||| READING scroll labelled COMENT XIYK.
   700 | D:1      | 700 ||| READING scroll labelled BEOKEYM BEXIH.
   710 | D:2      | Found Otogiwn's Weapon Emporium.
   726 | D:2      | 726 ||| BUYING +0 mace (39 gold).
   726 | D:2      | Bought a +0 mace for 39 gold pieces
   726 | D:2      | 726 ||| DROPPING +0 whip.
   796 | D:2      | Found Bonokil's General Store.
  1104 | D:2      | Found Mozizid's Weapon Shoppe.
  1109 | D:2      | 1109 ||| Stepping ~*~*~tactically~*~*~ (hiding).
  1110 | D:2      | 1110 ||| Stepping ~*~*~tactically~*~*~ (hiding).
  1113 | D:2      | 1113 ||| Stepping ~*~*~tactically~*~*~ (hiding).
  1114 | D:2      | 1114 ||| Stepping ~*~*~tactically~*~*~ (hiding).
  1236 | D:2      | Found Kavewkar's Assorted Antiques.
  1247 | D:2      | 1247 ||| BUYING agate ring (125 gold).
  1247 | D:2      | Bought an agate ring for 125 gold pieces
  1247 | D:2      | 1247 ||| SHOPLISTING bubbling coppery potion (22 gold, have
                  | 20).
  1247 | D:2      | 1247 ||| SHOPLISTING pair of gloves (112 gold, have 20).
  1247 | D:2      | 1247 ||| SHOPLISTING scroll labelled ULIGECR HODD (25 gold,
                  | have 20).
  1247 | D:2      | 1247 ||| SHOPLISTING scroll labelled UTSAIT GOHIBU (25
                  | gold, have 20).
  1248 | D:2      | Found Gawkuuv's Book Shoppe.
  1560 | D:2      | 1560 ||| SHOPLISTING +0 cloak (54 gold, have 27).
  1560 | D:2      | 1560 ||| SHOPLISTING +0 morningstar of venom (81 gold, have
                  | 27).
  1560 | D:2      | 1560 ||| SHOPLISTING potion of mutation (96 gold, have 27).
  1560 | D:2      | 1560 ||| BUYING scroll of identify (24 gold).
  1560 | D:2      | Bought a scroll of identify for 24 gold pieces
  1560 | D:2      | 1560 ||| SHOPLISTING scroll of identify (24 gold, have 3).
  1679 | D:2      | 1679 ||| UPGRADING to +0 helmet.
  1684 | D:2      | 1684 ||| DROPPING scarf of shadows.
  1685 | D:2      | 1685 ||| UPGRADING to ring of willpower.
  1686 | D:2      | 1686 ||| UPGRADING to +4 ring of protection.
  1688 | D:2      | 1688 ||| READING scroll labelled OGRORAISETA.
  1689 | D:2      | 1689 ||| READING scroll labelled UTSAIT GOHIBU.
  1690 | D:2      | 1690 ||| READING scroll labelled ULIGECR HODD.
  1721 | D:3      | 1721 ||| STAIRDANCE
  1724 | D:2      | Reached XP level 4. HP: 25/28 MP: 4/4
  1784 | D:3      | 1784 ||| Stepping ~*~*~tactically~*~*~ (stealth).
  1788 | D:3      | 1788 ||| Stepping ~*~*~tactically~*~*~ (stealth).
  1830 | D:3      | Reached skill level 4 in Axes
  1889 | D:3      | 1889 ||| Stepping ~*~*~tactically~*~*~ (hiding).
  2035 | D:3      | 2035 ||| Stepping ~*~*~tactically~*~*~ (stealth).
  2244 | D:3      | 2244 ||| Stepping ~*~*~tactically~*~*~ (stealth).
  2271 | D:3      | 2271 ||| UPGRADING to +0 pair of gloves.
  2276 | D:3      | 2276 ||| READING scroll labelled SITARE MONG.
  2277 | D:3      | 2277 ||| READING scroll labelled INUARO YRPHI.
  2278 | D:3      | 2278 ||| DRINKING 2 viscous sapphire potions.
  2279 | D:3      | 2279 ||| READING 3 scrolls of identify.
  2279 | D:3      | 2279 ||| IDENTIFYING bubbling golden potion
  2302 | D:4      | Found a transporter.
  2456 | D:4      | Reached XP level 5. HP: 19/32 MP: 5/5
  2586 | D:4      | Found a staircase to the Ecumenical Temple.
  2587 | D:4      | 2587 ||| PLANNING TEMPLE
  2587 | D:4      | 2587 ||| DROPPING ring of magical power.
  2588 | D:4      | 2588 ||| READING 3 scrolls of identify.
  2588 | D:4      | 2588 ||| IDENTIFYING dark potion
  2589 | D:4      | 2589 ||| READING 2 scrolls of identify.
  2589 | D:4      | 2589 ||| IDENTIFYING smoky black potion
  2590 | D:4      | 2590 ||| DROPPING potion of brilliance.
  2596 | Temple   | Entered the Ecumenical Temple
  2741 | Temple   | 2741 ||| PLANNING OKAWARU WORSHIP
  2857 | Temple   | Became a worshipper of Warmaster Okawaru
  2858 | Temple   | 2858 ||| PLANNING D:1-11
  2951 | D:4      | Found a transporter.
  3020 | D:4      | Reached skill level 5 in Axes
  3020 | D:4      | Reached XP level 6. HP: 21/37 MP: 6/6
  3033 | D:4      | Reached * piety under Okawaru
  3034 | D:4      | Reached skill level 1 in Dodging
  3214 | D:4      | 3214 ||| INVOKING Heroism.
  3439 | D:4      | Noticed qw's ghost (amateur NaHu)
  3512 | D:4      | 3512 ||| DROPPING +2 leather armour of willpower.
  3513 | D:4      | 3513 ||| DROPPING ring of positive energy.
  3514 | D:4      | 3514 ||| UPGRADING to +5 ring of evasion.
  3516 | D:4      | 3516 ||| UPGRADING to +4 ring of protection.
  3518 | D:4      | 3518 ||| DROPPING ring of willpower.
  3549 | D:5      | Entered Level 5 of the Dungeon
  3551 | D:5      | Noticed Blork the orc
  3552 | D:5      | 3552 ||| Stepping ~*~*~tactically~*~*~ (hiding).
  3558 | D:5      | Killed Blork the orc
  3559 | D:5      | Reached skill level 6 in Axes
  3559 | D:5      | Reached XP level 7. HP: 32/43 MP: 7/7
  3651 | D:5      | Reached skill level 1 in Invocations
  3688 | D:5      | Noticed Sigmund
  3689 | D:5      | 3689 ||| INVOKING Heroism.
  3692 | D:5      | Killed Sigmund
  3742 | D:5      | Found a glowing golden altar of the Shining One.
  3766 | D:5      | Found a runed translucent gate.
  3766 | D:5      | Found a runed translucent gate.
  3766 | D:5      | Found a runed translucent gate.
  3771 | D:5      | Noticed qw's ghost (novice GrHu)
  3771 | D:5      | Noticed qw's ghost (novice NaHu)
  3802 | D:5      | Reached skill level 3 in Invocations
  3802 | D:5      | Reached XP level 8. HP: 40/48 MP: 10/10
  3865 | D:5      | Reached skill level 7 in Axes
  4129 | D:5      | Noticed Prince Ribbit
  4130 | D:5      | 4130 ||| INVOKING Heroism.
  4134 | D:5      | Killed Prince Ribbit
  4134 | D:5      | Reached ** piety under Okawaru
  4358 | D:5      | 4358 ||| READING 2 scrolls of identify.
  4358 | D:5      | 4358 ||| IDENTIFYING red potion
  4435 | D:6      | 4435 ||| INVOKING Heroism.
  4480 | D:6      | Noticed Maggie
  4481 | D:6      | 4481 ||| Stepping ~*~*~tactically~*~*~ (hiding).
  4492 | D:6      | 4492 ||| INVOKING Heroism.
  4496 | D:6      | HP: 6/49 [Maggie/bolt of fire (24)]
  4497 | D:6      | 4497 ||| READING 2 scrolls of teleportation.
  4498 | D:6      | 4498 ||| DRINKING potion of heal wounds.
  4500 | D:6      | Killed Maggie
  4501 | D:6      | Reached skill level 8 in Axes
  4508 | D:6      | Reached XP level 9. HP: 35/55 MP: 10/12
  4586 | D:6      | 4586 ||| Stepping ~*~*~tactically~*~*~ (stealth).
  4598 | D:6      | Reached skill level 6 in Fighting
  4653 | D:6      | 4653 ||| Stepping ~*~*~tactically~*~*~ (hiding).
  4654 | D:6      | 4654 ||| Stepping ~*~*~tactically~*~*~ (hiding).
  4717 | D:6      | 4717 ||| INVOKING Heroism.
  4837 | D:6      | Reached skill level 9 in Axes
  4838 | D:6      | 4838 ||| INVOKING Heroism.
  5075 | D:6      | 5075 ||| READING 2 scrolls labelled RICEIRCH ZEIXA.
  5076 | D:6      | 5076 ||| READING scroll labelled UCAURU JOIROGO.
  5077 | D:6      | 5077 ||| DRINKING 3 clear potions.
  5078 | D:6      | 5078 ||| DRINKING 2 puce potions.
  5079 | D:6      | 5079 ||| DROPPING scroll of fog.
  5133 | D:7      | Noticed Menkaure
  5134 | D:7      | 5134 ||| INVOKING Heroism.
  5139 | D:7      | Killed Menkaure
  5214 | D:7      | 5214 ||| Stepping ~*~*~tactically~*~*~ (hiding).
  5355 | D:7      | Noticed a hornet
  5357 | D:7      | Killed a hornet
  5419 | D:7      | Reached *** piety under Okawaru
  5573 | D:7      | 5573 ||| INVOKING Heroism.
  5596 | D:7      | Noticed a cyclops
  5597 | D:7      | 5597 ||| Stepping ~*~*~tactically~*~*~ (stealth).
  5599 | D:7      | 5599 ||| Stepping ~*~*~tactically~*~*~ (hiding).
  5601 | D:7      | 5601 ||| Stepping ~*~*~tactically~*~*~ (hiding).
  5602 | D:7      | 5602 ||| Stepping ~*~*~tactically~*~*~ (hiding).
  5606 | D:7      | 5606 ||| INVOKING Heroism.
  5612 | D:7      | Killed a cyclops
  5613 | D:7      | Reached skill level 10 in Axes
  5613 | D:7      | Reached XP level 10. HP: 52/63 MP: 10/13
  5958 | D:7      | 5958 ||| Stepping ~*~*~tactically~*~*~ (stealth).
  5960 | D:7      | 5960 ||| Stepping ~*~*~tactically~*~*~ (stealth).
  5962 | D:7      | 5962 ||| Stepping ~*~*~tactically~*~*~ (stealth).
  5967 | D:7      | 5967 ||| Stepping ~*~*~tactically~*~*~ (hiding).
  5968 | D:7      | 5968 ||| Stepping ~*~*~tactically~*~*~ (hiding).
  5977 | D:7      | 5977 ||| Stepping ~*~*~tactically~*~*~ (hiding).
  6104 | D:7      | 6104 ||| UPGRADING to +0 pair of boots.
  6109 | D:7      | 6109 ||| DRINKING 2 fuming amethyst potions.
  6179 | D:8      | 6179 ||| Stepping ~*~*~tactically~*~*~ (hiding).
  6337 | D:8      | 6337 ||| DRINKING 3 potions of curing.
  6337 | D:8      | 6337 ||| (to cure confusion)
  6348 | D:8      | 6348 ||| DROPPING +0 mace.
  6349 | D:8      | 6349 ||| DROPPING +3 mace of freezing.
  6397 | D:8      | 6397 ||| INVOKING Heroism.
  6434 | D:8      | 6434 ||| INVOKING Heroism.
  6454 | D:8      | 6454 ||| Stepping ~*~*~tactically~*~*~ (hiding).
  6455 | D:8      | 6455 ||| INVOKING Heroism.
  6546 | D:8      | 6546 ||| INVOKING Heroism.
  6550 | D:8      | 6550 ||| Stepping ~*~*~tactically~*~*~ (stealth).
  6560 | D:8      | Reached skill level 1 in Throwing
  6618 | D:8      | 6618 ||| DROPPING +0 flail.
  6656 | D:8      | 6656 ||| INVOKING Heroism.
  6658 | D:8      | 6658 ||| Stepping ~*~*~tactically~*~*~ (stealth).
  6661 | D:8      | 6661 ||| Stepping ~*~*~tactically~*~*~ (hiding).
  6705 | D:8      | 6705 ||| FLEEEEING.
  6706 | D:8      | 6706 ||| FLEEEEING.
  6707 | D:8      | 6707 ||| FLEEEEING.
  6708 | D:8      | 6708 ||| FLEEEEING.
  6709 | D:8      | 6709 ||| INVOKING Heroism.
  6751 | D:8      | 6751 ||| Stepping ~*~*~tactically~*~*~ (stealth).
  6757 | D:8      | 6757 ||| DRINKING 2 potions of curing.
  6757 | D:8      | 6757 ||| (to cure confusion)
  6761 | D:8      | Noticed a two-headed ogre
  6762 | D:8      | 6762 ||| INVOKING Heroism.
  6770 | D:8      | Killed a two-headed ogre
  6771 | D:8      | Reached skill level 11 in Axes
  6887 | D:8      | 6887 ||| SWAPPING to +0 broad axe.
  6891 | D:8      | 6891 ||| DROPPING +0 war axe of electrocution.
  6984 | D:8      | 6984 ||| Stepping ~*~*~tactically~*~*~ (hiding).
  6987 | D:8      | 6987 ||| Stepping ~*~*~tactically~*~*~ (stealth).
  6988 | D:8      | 6988 ||| Stepping ~*~*~tactically~*~*~ (stealth).
  6990 | D:8      | 6990 ||| Stepping ~*~*~tactically~*~*~ (hiding).
  6991 | D:8      | 6991 ||| INVOKING Heroism.
  7131 | D:8      | 7131 ||| DROPPING +2 robe of cold resistance.
  7132 | D:8      | 7132 ||| UPGRADING to +0 plate armour.
  7142 | D:8      | 7142 ||| DROPPING +0 scale mail.
  7143 | D:8      | 7143 ||| READING scroll labelled DYC NUSTRAE.
  7227 | D:9      | Found a runed translucent door.
  7227 | D:9      | Noticed qw's ghost (novice NaHu)
  7318 | D:9      | 7318 ||| INVOKING Heroism.
  7440 | D:9      | 7440 ||| Stepping ~*~*~tactically~*~*~ (hiding).
  7445 | D:9      | Reached skill level 6 in Armour
  7446 | D:9      | Reached **** piety under Okawaru
  7545 | D:9      | Reached XP level 11. HP: 58/69 MP: 14/14
  7566 | D:9      | 7566 ||| Stepping ~*~*~tactically~*~*~ (stealth).
  7597 | D:9      | Found a flagged portal.
  7598 | D:9      | 7598 ||| DROPPING scarf of invisibility.
  7600 | D:9      | 7600 ||| DROPPING amulet of magic regeneration.
  7610 | D:9      | 7610 ||| Stepping ~*~*~tactically~*~*~ (stealth).
  7611 | D:9      | 7611 ||| Stepping ~*~*~tactically~*~*~ (stealth).
  7641 | D:9      | 7641 ||| READING 3 scrolls of identify.
  7641 | D:9      | 7641 ||| IDENTIFYING sapphire potion
  7662 | D:9      | 7662 ||| DROPPING +0 heavy flail.
  7962 | D:9      | 7962 ||| INVOKING Heroism.
  7976 | D:9      | Received a gift from Okawaru
  8082 | D:9      | 8082 ||| Stepping ~*~*~tactically~*~*~ (stealth).
  8083 | D:9      | 8083 ||| Stepping ~*~*~tactically~*~*~ (stealth).
  8085 | D:9      | 8085 ||| Stepping ~*~*~tactically~*~*~ (hiding).
  8506 | D:9      | 8506 ||| UPGRADING to +0 kite shield.
  8516 | D:9      | 8516 ||| DROPPING +0 buckler.
  8726 | D:9      | 8726 ||| READING scroll labelled GICRAMOTTI.
  8727 | D:9      | 8727 ||| READING scroll labelled HEWYKA KAIZEKEGH.
  8910 | D:9      | 8910 ||| DROPPING potion of invisibility.
  8928 | D:10     | Entered Level 10 of the Dungeon
  8969 | D:10     | 8969 ||| Stepping ~*~*~tactically~*~*~ (stealth).
  8970 | D:10     | 8970 ||| Stepping ~*~*~tactically~*~*~ (stealth).
  8981 | D:10     | 8981 ||| Stepping ~*~*~tactically~*~*~ (hiding).
  9001 | D:10     | 9001 ||| DRINKING 2 potions of curing.
  9001 | D:10     | 9001 ||| (to cure confusion)
  9077 | D:10     | Reached skill level 6 in Shields
  9214 | D:10     | 9214 ||| INVOKING Heroism.
  9638 | D:10     | 9638 ||| Stepping ~*~*~tactically~*~*~ (hiding).
  9639 | D:10     | 9639 ||| Stepping ~*~*~tactically~*~*~ (hiding).
  9640 | D:10     | 9640 ||| Stepping ~*~*~tactically~*~*~ (hiding).
  9641 | D:10     | 9641 ||| Stepping ~*~*~tactically~*~*~ (hiding).
 10220 | D:10     | 10220 ||| READING 2 scrolls of identify.
 10220 | D:10     | 10220 ||| IDENTIFYING bubbling emerald potion
 10282 | D:11     | Noticed a manticore
 10283 | D:11     | 10283 ||| Stepping ~*~*~tactically~*~*~ (hiding).
 10286 | D:11     | 10286 ||| INVOKING Heroism.
 10303 | D:11     | Killed a manticore
 10358 | D:11     | 10358 ||| INVOKING Heroism.
 10453 | D:11     | Noticed a two-headed ogre
 10454 | D:11     | 10454 ||| INVOKING Heroism.
 10464 | D:11     | Killed a two-headed ogre
 10509 | D:11     | Identified the -1 pair of boots "Saqaor" {Will+ Regen+}
 10532 | D:11     | Noticed a manticore
 10533 | D:11     | 10533 ||| INVOKING Heroism.
 10552 | D:11     | Killed a manticore
 10553 | D:11     | Reached skill level 9 in Shields
 10708 | D:11     | Received a gift from Okawaru
 10713 | D:11     | 10713 ||| INVOKING Heroism.
 10728 | D:11     | Reached skill level 6 in Invocations
 10761 | D:11     | 10761 ||| FLEEEEING.
 10799 | D:11     | Found a staircase to the Lair.
 10804 | D:11     | 10804 ||| INVOKING Heroism.
 10858 | D:11     | 10858 ||| INVOKING Heroism.
 10913 | D:11     | Noticed a two-headed ogre
 10914 | D:11     | 10914 ||| INVOKING Heroism.
 10922 | D:11     | Killed a two-headed ogre
 10951 | D:11     | Noticed a cyclops
 10952 | D:11     | 10952 ||| FLEEEEING.
 10953 | D:11     | 10953 ||| FLEEEEING.
 10954 | D:11     | 10954 ||| FLEEEEING.
 10974 | D:11     | 10974 ||| INVOKING Heroism.
 10981 | D:11     | HP: 12/69 [cyclops (17)]
 10982 | D:11     | 10982 ||| READING 4 scrolls of teleportation.
 10983 | D:11     | 10983 ||| DRINKING 2 potions of heal wounds.
 10985 | D:11     | 10985 ||| DRINKING potion of heal wounds.
 10987 | D:11     | Killed a cyclops
 10988 | D:11     | Reached XP level 12. HP: 41/75 MP: 15/17
 11139 | D:11     | 11139 ||| Stepping ~*~*~tactically~*~*~ (hiding).
 11142 | D:11     | 11142 ||| Stepping ~*~*~tactically~*~*~ (hiding).
 11143 | D:11     | 11143 ||| Stepping ~*~*~tactically~*~*~ (hiding).
 11146 | D:11     | 11146 ||| INVOKING Heroism.
 11480 | D:11     | 11480 ||| Stepping ~*~*~tactically~*~*~ (stealth).
 11482 | D:11     | 11482 ||| Stepping ~*~*~tactically~*~*~ (stealth).
 11503 | D:11     | 11503 ||| PLANNING LAIR
 11503 | D:11     | 11503 ||| UPGRADING to -1 pair of boots "Saqaor" {Will+
                  | Regen+}.
 11513 | D:11     | 11513 ||| DROPPING +0 pair of boots.
 11551 | Lair:1   | Entered Level 1 of the Lair of Beasts
 11552 | Lair:1   | 11552 ||| PLANNING GAUNTLET
 11758 | Lair:1   | 11758 ||| INVOKING Heroism.
 11812 | Lair:1   | 11812 ||| INVOKING Heroism.
 11834 | Lair:1   | Found a gate leading to a gauntlet.
 11845 | Lair:1   | 11845 ||| INVOKING Heroism.
 11848 | Lair:1   | Reached skill level 9 in Fighting
 11869 | Gauntlet | Entered a Gauntlet
 11869 | Gauntlet | Found a transporter.
 11869 | Gauntlet | Found a transporter.
 11873 | Gauntlet | Found a transporter.
 11873 | Gauntlet | Found a transporter.
 11877 | Gauntlet | Noticed a green death
 11883 | Gauntlet | Found a transporter.
 11884 | Gauntlet | Noticed a hell hog
 11893 | Gauntlet | Found a transporter.
 11893 | Gauntlet | Found a transporter.
 11897 | Gauntlet | Noticed a seven-headed hydra
 11917 | Gauntlet | Found a transporter.
 11924 | Gauntlet | Found a transporter.
 11927 | Gauntlet | Found a transporter.
 11944 | Gauntlet | Found a transporter.
 11982 | Gauntlet | Found a transporter.
 12022 | Gauntlet | Found a transporter.
 12026 | Gauntlet | Noticed a balrug
 12037 | Gauntlet | Found a transporter.
 12129 | Gauntlet | Found a transporter.
 12138 | Gauntlet | Found a transporter.
 12288 | Gauntlet | 12288 ||| INVOKING Heroism.
 12306 | Gauntlet | Reached skill level 9 in Invocations
 12308 | Gauntlet | Killed a hell hog
 12353 | Gauntlet | 12353 ||| UPGRADING to amulet of reflection.
 12377 | Gauntlet | 12377 ||| INVOKING Heroism.
 12379 | Gauntlet | 12379 ||| SWAPPING to +5 flail.
 12380 | Gauntlet | 12380 ||| SWAPPING to +0 broad axe.
 12382 | Gauntlet | 12382 ||| SWAPPING to +5 flail.
 12383 | Gauntlet | 12383 ||| SWAPPING to +0 broad axe.
 12384 | Gauntlet | 12384 ||| SWAPPING to +5 flail.
 12385 | Gauntlet | 12385 ||| SWAPPING to +0 broad axe.
 12387 | Gauntlet | 12387 ||| SWAPPING to +5 flail.
 12388 | Gauntlet | 12388 ||| SWAPPING to +0 broad axe.
 12389 | Gauntlet | 12389 ||| SWAPPING to +5 flail.
 12391 | Gauntlet | 12391 ||| SWAPPING to +0 broad axe.
 12392 | Gauntlet | 12392 ||| SWAPPING to +5 flail.
 12393 | Gauntlet | 12393 ||| SWAPPING to +0 broad axe.
 12396 | Gauntlet | 12396 ||| SWAPPING to +5 flail.
 12397 | Gauntlet | 12397 ||| SWAPPING to +0 broad axe.
 12398 | Gauntlet | 12398 ||| INVOKING Heroism.
 12400 | Gauntlet | 12400 ||| SWAPPING to +5 flail.
 12401 | Gauntlet | 12401 ||| SWAPPING to +0 broad axe.
 12404 | Gauntlet | 12404 ||| SWAPPING to +5 flail.
 12411 | Gauntlet | 12411 ||| INVOKING Heroism.
 12420 | Gauntlet | HP: 17/76 [seven-headed hydra (8)]
 12422 | Gauntlet | Killed a seven-headed hydra
 12423 | Gauntlet | 12423 ||| SWAPPING to +0 broad axe.
 12487 | Gauntlet | 12487 ||| DROPPING +0 hat of stealth.
 12500 | Gauntlet | Noticed a minotaur
 12501 | Gauntlet | 12501 ||| Stepping ~*~*~tactically~*~*~ (stealth).
 12502 | Gauntlet | 12502 ||| Stepping ~*~*~tactically~*~*~ (stealth).
 12503 | Gauntlet | 12503 ||| Stepping ~*~*~tactically~*~*~ (stealth).
 12507 | Gauntlet | 12507 ||| INVOKING Heroism.
 12519 | Gauntlet | Killed a minotaur
 12542 | Gauntlet | Identified the ring of Qaek {Ice rPois Str+4}
 12592 | Gauntlet | 12592 ||| READING 2 scrolls labelled QUNUIN OTIO.
 12593 | Gauntlet | 12593 ||| READING scroll of enchant weapon.
 12593 | Gauntlet | 12593 ||| ENCHANTING +1 broad axe.
 12609 | Lair:1   | 12609 ||| PLANNING LAIR
 12722 | Lair:1   | 12722 ||| INVOKING Heroism.
 12799 | Lair:1   | 12799 ||| INVOKING Heroism.
 12801 | Lair:1   | Reached skill level 3 in Throwing
 12870 | Lair:1   | 12870 ||| INVOKING Heroism.
 12877 | Lair:1   | Reached skill level 12 in Axes
 13045 | Lair:1   | Noticed Amaemon
 13046 | Lair:1   | 13046 ||| INVOKING Heroism.
 13068 | Lair:1   | Killed Amaemon
 13069 | Lair:1   | Reached skill level 9 in Armour
 13109 | Lair:1   | Noticed a four-headed hydra
 13110 | Lair:1   | 13110 ||| INVOKING Heroism.
 13114 | Lair:1   | 13114 ||| SWAPPING to +1 demon whip of venom.
 13118 | Lair:1   | Killed a four-headed hydra
 13119 | Lair:1   | Reached XP level 13. HP: 74/80 MP: 18/20
 13119 | Lair:1   | 13119 ||| SWAPPING to +2 broad axe.
 13330 | Lair:2   | 13330 ||| INVOKING Heroism.
 13331 | Lair:2   | 13331 ||| Stepping ~*~*~tactically~*~*~ (stealth).
 13628 | Lair:2   | 13628 ||| Stepping ~*~*~tactically~*~*~ (stealth).
 13629 | Lair:2   | 13629 ||| INVOKING Heroism.
 13633 | Lair:2   | 13633 ||| SWAPPING to +1 demon whip of venom.
 13639 | Lair:2   | Received a gift from Okawaru
 13640 | Lair:2   | 13640 ||| SWAPPING to +2 broad axe.
 13766 | Lair:2   | 13766 ||| Stepping ~*~*~tactically~*~*~ (stealth).
 13908 | Lair:2   | Noticed Gastronok
 13909 | Lair:2   | 13909 ||| Stepping ~*~*~tactically~*~*~ (hiding).
 13910 | Lair:2   | 13910 ||| Stepping ~*~*~tactically~*~*~ (hiding).
 13918 | Lair:2   | 13918 ||| Stepping ~*~*~tactically~*~*~ (hiding).
 13920 | Lair:2   | 13920 ||| INVOKING Heroism.
 13940 | Lair:2   | Killed Gastronok
 14003 | Lair:2   | Found a runed translucent door.
 14004 | Lair:2   | Noticed qw's ghost (journeyman GrHu)
 14036 | Lair:2   | 14036 ||| INVOKING Heroism.
 14418 | Lair:2   | 14418 ||| READING scroll labelled VAF OCIUVOXYSE.
 14451 | Lair:3   | Found an iron altar of Okawaru.
 14507 | Lair:3   | 14507 ||| INVOKING Heroism.
 14511 | Lair:3   | 14511 ||| SWAPPING to +1 demon whip of venom.
 14520 | Lair:3   | 14520 ||| SWAPPING to +2 broad axe.
 14545 | Lair:3   | Found a hole to the Spider Nest.
 14597 | Lair:3   | 14597 ||| Stepping ~*~*~tactically~*~*~ (hiding).
 14674 | Lair:3   | Noticed Sonja
 14678 | Lair:3   | 14678 ||| Stepping ~*~*~tactically~*~*~ (hiding).
 14679 | Lair:3   | 14679 ||| Stepping ~*~*~tactically~*~*~ (hiding).
 14694 | Abyss:1  | Cast into level 1 of the Abyss (Sonja)
 14717 | Abyss:1  | Found a corrupted altar of Lugonu.
 14745 | Abyss:1  | Noticed a hellephant
 14747 | Abyss:1  | 14747 ||| Stepping ~*~*~tactically~*~*~ (hiding).
 14758 | Abyss:1  | Noticed a starcursed mass
 14773 | Abyss:1  | HP: 5/82 [hellephant/blast of flame (63)]
 14774 | Abyss:1  | 14774 ||| READING 3 scrolls of teleportation.
 14774 | Abyss:1  | Demolished by a hellephant

Levels and vault maps discovered:
D:1:      dpeg_arrival_rooms_b, layout_basic, serial_shops, nicolae_square_shop,
          hellmonk_ecumenical_altar_lost_god
D:2:      layout_loops_corners, serial_shops, shop, shop_coins,
          nicolae_shop_peninsula, nicolae_shop_tiny_glass,
          nicolae_shop_tiny_glass, corexii_leaking_fountain
D:3:      layout_basic
D:4:      layout_loops_cross, minmay_temple_entry_nine_rooms,
          gammafunk_ghost_gnarly_gnolls
D:5:      layout_basic, general_overflow_altar, gammafunk_ghost_cemetery,
          uniq_prince_ribbit1, uniq_blork_the_orc, uniq_sigmund
D:6:      layout_basic, uniq_maggie
D:7:      layout_loops_corners, minmay_splitting_lines,
          kennysheep_generic_room_11, uniq_menkaure
D:8:      minmay_s_stair_smasher, layout_rooms
D:9:      layout_loops_ring, hellmonk_ghost_happy_afterlife, enter_bailey_5,
          kennysheep_opposing_triangles
D:10:     layout_layer_cave, small_statue_alley_a, lemuel_flamethrower_2
D:11:     layout_irregular_city, due_lair_maze_entry_diamond, glass_columns_b,
          minmay_quadrilaterals
Temple:   mainiacjoe_temple_hex_bubbles
Lair:1:   layout_long_grid, gauntlet_entry_generic, uniq_amaemon
Lair:2:   layout_layer_cave, gammafunk_ghost_grave, uniq_gastronok
Lair:3:   layout_cave_pods, minmay_swamp_entry_reptiles,
          hellmonk_spider_entry_life_and_decay, basic_altar, uniq_sonja
Abyss:1:  base:
D:11

Skill      XL: |  1  2  3  4  5  6  7  8  9 10 11 12 13 |
---------------+----------------------------------------+-----
Axes           | 2 3 4 5 6 8 10 11 12 | 12.4
Fighting       | 4 5 7 8 9 10 | 10.0
Dodging        | 1 2 |  2.0
Invocations    | 3 4 7 10 | 10.0
Shields        | 4 5 9 10 11 | 11.1
Armour         | 6 8 9 |  9.0
Throwing       | 1 3 4 |  4.6

Action                     |  1- 3 |  4- 6 |  7- 9 | 10-12 | 13-15 || total
---------------------------+-------+-------+-------+-------+-------++-------
  Melee: War axe           |    99 |   123 |   157 |   134 |       ||   513
         Broad axe         |       |       |       |   555 |   178 ||   733
         Flail             |       |       |       |    17 |       ||    17
         Demon whip        |       |       |       |     4 |    14 ||    18
  Throw: Boomerang         |       |       |       |    46 |       ||    46
         Javelin           |       |       |       |    21 |    28 ||    49
 Invoke: Heroism           |       |     1 |     9 |    34 |     5 ||    49
    Use: Scroll            |     5 |     5 |     4 |     8 |     2 ||    24
         Potion            |       |     1 |     3 |     6 |       ||    10
 Armour: Scale mail        |    57 |    69 |    60 |    44 |       ||   230
         Plate armour      |       |       |       |   316 |    60 ||   376
  Dodge: Dodged            |    39 |    57 |    83 |   399 |    49 ||   627
  Block: Buckler           |    21 |    21 |    20 |    62 |       ||   124
         Kite shield       |       |       |       |   354 |   148 ||   502
         Reflection        |       |       |       |     1 |     1 ||     2

Table legend:
 A = Non-vault XP
 B = Vault XP
 C = Vault XP percentage of total XP
 D = Non-vault monster count
 E = Vault monster count
 F = Vault count percentage of total count
                 A         B        C        D         E       F
            +---------+---------+-------+---------+---------+-------
      Total |   26810 |   15557 |  36.7 |     274 |      57 |  17.2
            +---------+---------+-------+---------+---------+-------
        D:1 |      35 |       0 |   0.0 |      18 |       0 |   0.0
        D:2 |      43 |       0 |   0.0 |      11 |       0 |   0.0
        D:3 |      33 |       0 |   0.0 |      14 |       0 |   0.0
        D:4 |     499 |       0 |   0.0 |      20 |       0 |   0.0
        D:5 |     459 |     568 |  55.3 |       8 |       3 |  27.3
        D:6 |    1034 |     409 |  28.3 |      20 |       1 |   4.8
        D:7 |    1632 |     175 |   9.7 |      25 |       1 |   3.8
        D:8 |    1471 |    1947 |  57.0 |      37 |      12 |  24.5
        D:9 |    1099 |     667 |  37.8 |      23 |       6 |  20.7
       D:10 |    1015 |       0 |   0.0 |      21 |       0 |   0.0
       D:11 |    4482 |    3917 |  46.6 |      21 |      16 |  43.2
     Lair:1 |    7633 |    1200 |  13.6 |      33 |       2 |   5.7
     Lair:2 |    5476 |    1497 |  21.5 |      18 |       1 |   5.3
     Lair:3 |    1559 |     670 |  30.1 |       4 |       3 |  42.9
    Abyss:1 |     340 |       0 |   0.0 |       1 |       0 |   0.0
   Gauntlet |       0 |    4507 | 100.0 |       0 |      12 | 100.0
            +---------+---------+-------+---------+---------+-------
